 Dungeon Crawl Stone Soup version 0.32-a0-485-g70f7560b1c (webtiles) character file.

Game seed: 9266454244537458079

45551 BubbleThief the Warrior (level 14, -1/128 HPs)
             Began as a Formicid Earth Elementalist on Feb 27, 2024.
             Was an Elder of Vehumet.
             Slain by a death yak (9 damage)
             ... on level 5 of the Lair of Beasts.
             The game lasted 00:39:49 (19398 turns).

BubbleThief the Warrior (FoEE)                     Turns: 19398, Time: 00:39:50

Health: -1/128     AC: 10    Str: 12    XL:     14   Next: 71%
Magic:  5/27       EV: 11    Int: 29    God:    Vehumet [****..]
Gold:   1234       SH:  8    Dex: 14    Spells: 22/31 levels left

rFire   + . .        q - +9 lance "Wyrmbane" {slay drac, rPois rF+ rC+ AC+3}
rCold   + . .        a - +2 buckler
rNeg    + . .        D - +3 leather armour
rPois   +            (helmet unavailable)
rElec   +            (no cloak)
rCorr   .            (no gloves)
SInv    +            y - +0 pair of boots
Will    +....        I - amulet of regeneration
Stlth   ++           U - ring "Iplaaguadi" {rElec rN+ Int+2}
HPRegen 1.21/turn    p - +6 ring of intelligence
MPRegen 0.20/turn

%: no passive effects
@: no status effects
A: permanent stasis, dig shafts and tunnels, antennae 3, four strong arms
a: Dig, Shaft Self, Renounce Religion


You were on level 5 of the Lair of Beasts.
You worshipped Vehumet.
Vehumet was greatly pleased with you.
You visited 3 branches of the dungeon, and saw 15 of its levels.
You also visited: Bailey and Gauntlet.

You collected 1630 gold pieces.
You spent 396 gold pieces at shops.

Inventory:

Hand Weapons
 q - the +9 lance "Wyrmbane" (weapon) {slay drac, rPois rF+ rC+ AC+3}
   (You took it off Maggie on level 8 of the Dungeon)

   AC+3:      It affects your AC (+3).
   rF+:       It protects you from fire.
   rC+:       It protects you from cold.
   rPois:     It protects you from poison
Missiles
 j - 12 throwing nets
Armour
 a - a +2 buckler (worn)
 y - a +0 pair of boots (worn)
 D - a +3 leather armour (worn)
 R - the +0 pair of boots "Nishites" {rC- rN++}
   (You found it in a Gauntlet)

   rC-:       It makes you vulnerable to cold.
   rN++:      It greatly protects you from negative energy.
Jewellery
 f - a ring of protection from fire
 g - a ring of positive energy
 i - a +5 ring of evasion
 p - a +6 ring of intelligence (right hand)
 w - a ring of flight
 H - the ring "Kuish" {Fire rPois MP+9 Str+5 Int-3}
   (You found it in a Gauntlet)

   [ring of fire]

   Fire:      It enhances your fire magic.
   Str+5:     It affects your strength (+5).
   Int-3:     It affects your intelligence (-3).
   rF+:       It protects you from fire.
   rC-:       It makes you vulnerable to cold.
   rPois:     It protects you from poison MP+9: It affects your magic capacity
   (+9).
 I - an amulet of regeneration (around neck)
 K - the amulet "Qosuff Jypp" {Reflect -Cast rElec rN++ SH+5 Stlth+}
   (You found it in a Gauntlet)

   [amulet of reflection]

   Reflect:   It reflects blocked missile attacks.
   rElec:     It insulates you from electricity.
   rN++:      It greatly protects you from negative energy.
   -Cast:     It prevents spellcasting.
   SH+5:      It affects your SH (+5).
   Stlth+:    It makes you more stealthy.
 O - a ring of protection from cold
 U - the ring "Iplaaguadi" (left hand) {rElec rN+ Int+2}
   (You found it on level 5 of the Lair of Beasts)

   [ring of positive energy]

   Int+2:     It affects your intelligence (+2).
   rElec:     It insulates you from electricity.
   rN+:       It protects you from negative energy.
Wands
 B - a wand of charming (14)
 E - a wand of digging (2)
 F - a wand of flame (15)
 J - a wand of polymorph (5)
 N - a wand of mindburst (11)
 P - a wand of iceblast (4)
Scrolls
 d - a scroll of identify
 h - 4 scrolls of amnesia
 u - a scroll of fog
 v - 2 scrolls of poison
 A - 4 scrolls of enchant armour
 C - 2 scrolls of revelation
 G - 2 scrolls of enchant weapon
 L - a scroll of summoning {unknown}
 Q - a scroll of immolation {unknown}
 S - a scroll of brand weapon
Potions
 b - 5 potions of magic
 c - a potion of resistance
 e - 2 potions of attraction
 k - 9 potions of curing
 l - 2 potions of mutation
 m - 4 potions of enlightenment
 r - 3 potions of cancellation
 s - 3 potions of might
 t - 2 potions of lignification
 x - 2 potions of brilliance
 z - a potion of heal wounds
Miscellaneous
 n - a condenser vane (inert)
 o - a phantom mirror (inert)
 M - a lightning rod (4/4)


   Skills:
 + Level 17.1 Fighting
 - Level 12.0 Polearms
 - Level 1.7 Dodging
 - Level 2.4 Stealth
 - Level 9.0 Shields
 - Level 9.1 Spellcasting
 - Level 0.8 Conjurations
 - Level 12.2 Earth Magic


You had 22 spell levels left.
You knew the following spells:

 Your Spells              Type           Power      Damage    Failure   Level
a - Sandblast             Erth           100%       2d20      1%          1
b - Stone Arrow           Conj/Erth      100%       3d13      1%          3
c - Lee's Rapid Deconstr  Erth           35%        3d18*     1%          5

Your spell library contained the following spells:

 Spells                   Type           Power      Damage    Failure   Level
 Olgreb's Toxic Radiance  Alch           13%        N/A       17%         4
 Passwall                 Erth           71%        N/A       1%          3
 Brom's Barrelling Bould  Conj/Erth      50%        2d7       1%          4
 Momentum Strike          Conj/Tloc      30%        3d8       2%          2
 Static Discharge         Conj/Air       30%        3-5/arc   2%          2
 Mercury Vapours          Alch/Air       26%        N/A       3%          2
 Frozen Ramparts          Ice            26%        1d4       5%          3
 Inner Flame              Hex/Fire       13%        N/A       5%          3
 Mephitic Cloud           Conj/Alch/Air  14%        N/A       5%          3
 Volatile Blastmotes      Fire/Tloc      26%        2d12      5%          3
 Leda's Liquefaction      Alch/Erth      24%        N/A       5%          4
 Petrify                  Alch/Erth      48%        N/A       5%          4
 Lesser Beckoning         Tloc           26%        N/A       11%         2
 Flame Wave               Conj/Fire      15%        2d7       16%         4
 Fulminant Prism          Conj/Alch      7%         3d7       16%         4
 Iskenderun's Mystic Bla  Conj/Tloc      15%        2d5       16%         4
 Borgnjor's Vile Clutch   Necr/Erth      24%        N/A       16%         5
 Airstrike                Air            6%         2d(1-17)  17%         4
 Sticky Flame             Fire/Alch      13%        2d5       17%         4
 Freezing Cloud           Conj/Ice/Air   7%         6-21      38%         5
 Summon Lightning Spire   Summ/Air       13%        N/A       56%         4
 Alistair's Intoxication  Alch           8%         N/A       88%         5
 Metabolic Englaciation   Hex/Ice        6%         N/A       88%         5
 Eringya's Noxious Bog    Alch           6%         4d6       92%         6
 Blink                    Tloc           Unusable   N/A       N/A         2

Dungeon Overview and Level Annotations

Branches:
Dungeon (9/15)             Temple (1/1) D:7            Lair (5/5) D:8
 Shoals (0/4) Lair:3        Snake (0/4) Lair:2        Slime (0/5) Lair:4
 Bailey (visited)         Gauntlet (visited)
    Orc: D:9-12

Altars:
Ashenzari
Cheibriados
Dithmenos
Fedhas
Gozag
Hepliaklqana
Kikubaaqudgha
Makhleb
Nemelex Xobeh
Qazlal
Ru
Trog
Uskayaw
Vehumet
Wu Jian
Xom
Yredelemnul
Zin
The Shining One

Shops:
D:5 :   D:7 =   D:8 :

Annotations:
D:2 1 runed translucent door, Crazy Yiuf
Lair:4 1 runed translucent door


Innate Abilities, Weirdness & Mutations

You cannot be hasted, slowed, berserked, paralysed or teleported.
You can dig through walls and to a lower floor.
You have a pair of large antennae on your head. (SInv)
Your four strong arms can wield two-handed weapons with a shield.


Message History

You puncture the death yak!
The death yak is severely wounded.
The death yak gores you!
The death yak gores you but does no damage.
Unknown command.
You puncture the death yak!
The death yak is almost dead.
The death yak gores you but does no damage. x2
The death yak gores you!
* * * LOW HITPOINT WARNING * * *
Unknown command.
You puncture the death yak!
The death yak is almost dead.
Unknown command.
You puncture the death yak!
You kill the death yak!
Vehumet accepts your kill. The death yak barely misses you.
The death yak gores you!!
* * * LOW HITPOINT WARNING * * *
Unknown command.
You puncture the death yak!
The death yak is severely wounded.
Unknown command.
You feel much better. The death yak barely misses you. The death yak gores you!
* * * LOW HITPOINT WARNING * * *
Unknown command.
You puncture the death yak!
The death yak is severely wounded.
The death yak is no longer covered in acid.
The death yak gores you!!
* * * LOW HITPOINT WARNING * * *
The death yak gores you but does no damage.
Unknown command.
You hit the death yak.
The death yak is almost dead.
Unknown command.
You hit the death yak but do no damage.
The death yak is almost dead.
The death yak gores you!
You die...

##Y{{ ##.. #... #.. ###
##..Y###.# ###.##
#...YY...####....## ##
#.{...##Y.†...# ####.
###...#{..†..## ##....
##.....##..# #.#... ###.###...#
#### #....
#######@Y.#####..####...
#..###.÷Y## #...###P....
##P.....## ##...........
###......###............
###......ß....^......##...
#######....ß...÷÷÷........###...
#.............ß...........# #...
##.......ß................###.#.
#..............ß...............


You could see 2 death yaks.

Vanquished Creatures
  4 hydras
  6 death yaks
  A two-headed ogre (D:8)
  2 catoblepae
  2 boulder beetles
  An occultist (Gauntlet)
  3 skysharks
  An arcanist (Gauntlet)
  A large abomination (Gauntlet)
  A harpy (Lair:3)
  An oklob plant (Lair:4)
  3 manticores
  4 black mambas
  6 elephants
  15 cane toads
  Maggie (D:8)
  3 rime drakes
  7 komodo dragons
  A troll (D:9)
  3 polar bears
  Grinder (D:6)
  20 blink frogs
  2 hornets
  6 dream sheep (Lair:5)
  2 wyverns
  4 basilisks
  29 yaks
  Grum (Bailey)
  A neqoxec (Gauntlet)
  6 nagas (Lair:2)
  3 small abominations (Gauntlet)
  19 water moccasins
  2 orc warriors (D:9)
  An ice beast (D:6)
  5 black bears
  An ogre (D:4)
  17 wolves
  3 kobold brigands
  A phantom (D:7)
  17 bullfrogs
  8 gnoll sergeants
  4 scorpions
  4 wights (D:8)
  4 killer bees (D:8)
  An electric eel (Lair:5)
  4 howler monkeys (D:9)
  A jelly (D:7)
  6 orc priests
  8 gnoll boudas
  4 hounds
  3 sleepcaps
  Natasha (thrice) (D:4)
  5 iguanas
  11 orc wizards
  20 gnolls
  4 adders
  5 shadow imps
  2 white imps (Gauntlet)
  2 ufetubi (D:5)
  4 dart slugs
  4 ribbon worms
  31 orcs
  7 endoplasms
  3 giant cockroaches
  17 goblins
  12 hobgoblins
  3 jackals (D:1)
  3 quokkas
  11 ball pythons
  A bat (D:3)
  2 frilled lizards
  22 kobolds
  7 rats (D:1)
  A butterfly (Lair:2)
434 creatures vanquished.

Vanquished Creatures (collateral kills)
  A minotaur (Gauntlet)
1 creature vanquished.

Grand Total: 435 creatures vanquished

Notes
Turn   | Place    | Note
-------+----------+-------------------------------------------
     0 | D:1      | BubbleThief the Formicid Earth Elementalist began the quest
                  | for the Orb.
     0 | D:1      | Reached XP level 1. HP: 13/13 MP: 3/3
   108 | D:1      | Reached XP level 2. HP: 19/19 MP: 1/5
   392 | D:1      | Reached XP level 3. HP: 15/24 MP: 1/6
   975 | D:1      | Reached skill level 5 in Earth Magic
  1053 | D:2      | Reached XP level 4. HP: 30/30 MP: 4/8
  1515 | D:2      | Found a runed translucent door.
  1516 | D:2      | Noticed Crazy Yiuf
  2018 | D:3      | Reached XP level 5. HP: 33/35 MP: 5/9
  2302 | D:3      | Found an opulent altar of Gozag.
  2831 | D:3      | Identified the +4 whip "Loegad" {heavy, Fly}
  2907 | D:3      | Found a sparkling altar of Nemelex Xobeh.
  2980 | D:4      | Reached XP level 6. HP: 35/41 MP: 6/11
  3228 | D:4      | Noticed Natasha
  3228 | D:4      | Noticed an ogre
  3232 | D:4      | Killed an ogre
  3233 | D:4      | Reached XP level 7. HP: 43/46 MP: 8/13
  3234 | D:4      | Killed Natasha
  4037 | D:4      | Noticed Natasha
  4041 | D:4      | Killed Natasha
  4218 | D:4      | Noticed Natasha
  4220 | D:4      | Killed Natasha
  4226 | D:5      | Entered Level 5 of the Dungeon
  4237 | D:5      | Found Kuij's Book Shoppe.
  4577 | D:5      | Reached skill level 5 in Spellcasting
  4723 | D:5      | Identified the +7 morningstar of the Pill Bug {freeze, MP+9
                  | Str+4}
  4871 | D:5      | Found a stormy altar of Qazlal.
  4902 | D:5      | Found a basalt altar of Yredelemnul.
  4913 | D:5      | Reached XP level 8. HP: 45/52 MP: 15/15
  5537 | D:6      | Reached skill level 10 in Earth Magic
  5816 | D:6      | Found a hazy altar of Hepliaklqana.
  5839 | D:6      | Noticed Grinder
  5843 | D:6      | Killed Grinder
  6095 | D:6      | Reached XP level 9. HP: 57/57 MP: 18/18
  6356 | D:7      | Found a flagged portal.
  6367 | Bailey   | Entered a bailey
  6389 | Bailey   | Learned a level 3 spell: Stone Arrow
  6624 | Bailey   | Reached skill level 1 in Fighting
  6670 | Bailey   | Reached skill level 2 in Fighting
  6685 | Bailey   | HP: 2/61 [wolf (6)]
  6698 | Bailey   | Reached skill level 3 in Fighting
  6917 | Bailey   | Reached XP level 10. HP: 66/71 MP: 20/22
  6944 | Bailey   | Reached skill level 4 in Fighting
  7158 | Bailey   | Noticed Grum
  7340 | Bailey   | Reached skill level 5 in Fighting
  7345 | Bailey   | Killed Grum
  7656 | D:7      | Found a staircase to the Ecumenical Temple.
  7674 | Temple   | Entered the Ecumenical Temple
  7689 | Temple   | Became a worshipper of Vehumet
  7886 | D:7      | Reached skill level 6 in Fighting
  8080 | D:7      | Found Nukhlorph's Jewellery Emporium.
  8088 | D:7      | Bought a +6 ring of intelligence for 396 gold pieces
  8157 | D:8      | Noticed Maggie
  8167 | D:8      | Killed Maggie
  8336 | D:8      | Reached skill level 1 in Polearms
  8351 | D:8      | Noticed an elephant
  8367 | D:8      | Killed an elephant
  8473 | D:8      | Found a staircase to the Lair.
  8473 | D:8      | Noticed a komodo dragon
  8477 | D:8      | Killed a komodo dragon
  8478 | D:8      | Reached skill level 7 in Fighting
  8898 | D:8      | Noticed a two-headed ogre
  8903 | D:8      | Killed a two-headed ogre
  8904 | D:8      | Reached skill level 5 in Polearms
  8904 | D:8      | Reached XP level 11. HP: 85/85 MP: 17/24
  9200 | D:8      | Reached skill level 8 in Fighting
  9425 | D:8      | Found Epus's Self-Published Books.
 10000 | D:9      | Reached * piety under Vehumet
 10000 | D:9      | Offered knowledge of Kiss of Death by Vehumet.
 10228 | D:9      | Found a hide-covered altar of Uskayaw.
 10890 | D:9      | Noticed a manticore
 10895 | D:9      | Killed a manticore
 11442 | Lair:1   | Entered Level 1 of the Lair of Beasts
 11717 | Lair:1   | Reached skill level 9 in Fighting
 12409 | Lair:1   | Noticed a five-headed hydra
 12409 | Lair:1   | Noticed a death yak
 12417 | Lair:1   | Killed a five-headed hydra
 12418 | Lair:1   | Reached skill level 1 in Shields
 12418 | Lair:1   | Reached XP level 12. HP: 96/96 MP: 15/25
 12463 | Lair:1   | Killed a death yak
 12463 | Lair:1   | Offered knowledge of Freeze by Vehumet.
 12647 | Lair:1   | Noticed a boulder beetle
 12663 | Lair:1   | Killed a boulder beetle
 12663 | Lair:1   | Reached ** piety under Vehumet
 12954 | Lair:1   | Noticed a catoblepas
 13000 | D:8      | Killed a catoblepas
 13001 | D:8      | Reached skill level 10 in Fighting
 13126 | Lair:1   | Reached skill level 10 in Polearms
 14074 | Lair:2   | Reached skill level 5 in Shields
 14107 | Lair:2   | Noticed a skyshark
 14113 | Lair:2   | Killed a skyshark
 14416 | Lair:2   | Offered knowledge of Searing Ray by Vehumet.
 14767 | Lair:2   | Found a staircase to the Snake Pit.
 15138 | Lair:3   | Noticed a skyshark
 15148 | Lair:2   | Killed a skyshark
 15225 | Lair:3   | Noticed an eight-headed hydra
 15327 | Lair:2   | Reached XP level 13. HP: 93/105 MP: 19/26
 15397 | Lair:3   | Reached skill level 11 in Fighting
 15401 | Lair:3   | Found a staircase to the Shoals.
 15410 | Lair:3   | Killed an eight-headed hydra
 15533 | Lair:3   | Reached *** piety under Vehumet
 15539 | Lair:3   | Found a gate leading to a gauntlet.
 15548 | Gauntlet | Entered a Gauntlet
 15548 | Gauntlet | Found a transporter.
 15548 | Gauntlet | Found a transporter.
 15613 | Gauntlet | Found a transporter.
 15631 | Gauntlet | Found a transporter.
 15631 | Gauntlet | Found a transporter.
 15633 | Gauntlet | Found a transporter.
 15633 | Gauntlet | Found a transporter.
 15634 | Gauntlet | Found a transporter.
 15646 | Gauntlet | Found a transporter.
 15658 | Gauntlet | Noticed a cacodemon
 15661 | Gauntlet | Found a transporter.
 15670 | Gauntlet | Found a runed translucent door.
 15671 | Gauntlet | Found a transporter.
 15672 | Gauntlet | Found a runed translucent door.
 15685 | Gauntlet | Found a transporter.
 15705 | Gauntlet | Found a transporter.
 15719 | Gauntlet | Found a transporter.
 15893 | Gauntlet | Identified the ring "Kuish" {Fire rPois MP+9 Str+5 Int-3}
 15907 | Gauntlet | Identified the amulet "Qosuff Jypp" {Reflect -Cast rElec
                  | rN++ SH+5 Stlth+}
 15909 | Gauntlet | Identified the +1 halberd of Haikusch {drain, rElec rN+}
 15914 | Gauntlet | Offered knowledge of Ignite Poison by Vehumet.
 16081 | Gauntlet | Noticed a minotaur
 16085 | Gauntlet | Killed a minotaur
 16087 | Gauntlet | Identified the +0 pair of boots "Nishites" {rC- rN++}
 16101 | Lair:3   | Noticed a five-headed hydra
 16114 | Lair:3   | Killed a five-headed hydra
 16134 | Lair:3   | Reached skill level 12 in Fighting
 16452 | Lair:3   | Identified the +7 longbow "Newtbane" {flame, rPois rF++}
 16783 | Lair:3   | Reached **** piety under Vehumet
 16810 | Lair:3   | Reached skill level 13 in Fighting
 16910 | Lair:3   | Offered knowledge of Lee's Rapid Deconstruction by Vehumet.
 16936 | Lair:3   | Learned a level 5 spell: Lee's Rapid Deconstruction
 17392 | Lair:4   | Reached skill level 14 in Fighting
 17513 | Lair:4   | Reached XP level 14. HP: 99/120 MP: 23/27
 17594 | Lair:4   | Found a runed translucent door.
 17595 | Lair:4   | Found a staircase to the Slime Pits.
 17595 | Lair:4   | Noticed an acid blob
 17952 | Lair:5   | Entered Level 5 of the Lair of Beasts
 18163 | Lair:5   | Reached skill level 15 in Fighting
 18381 | Lair:5   | Reached ***** piety under Vehumet
 18381 | Lair:5   | Offered knowledge of Olgreb's Toxic Radiance by Vehumet.
 18483 | Lair:5   | Reached skill level 16 in Fighting
 19034 | Lair:5   | Identified the ring "Iplaaguadi" {rElec rN+ Int+2}
 19386 | Lair:5   | Reached skill level 17 in Fighting
 19393 | Lair:5   | HP: 6/128 [death yak (22)]
 19398 | Lair:5   | Slain by a death yak

Illustrated notes

Levels and vault maps discovered:
D:1:      mrwooster_arrival_arrow, layout_basic
D:2:      layout_loops_cross, feat_on_display, uniq_crazy_yiuf_cottage
D:3:      layout_basic, grunt_temple_overflow_opulence, minmay_diced_spiral
D:4:      layout_loops_ring, chequers_serial_rivers_large_b,
          serial_bayou_ford_a, st_stairs_13, uniq_natasha
D:5:      layout_gridville, mainiacjoe_overflow_two_lobes, serial_shops,
          nicolae_shop_rolling_square
D:6:      layout_loops_corners, lemuel_crystal_altar, uniq_grinder
D:7:      layout_loops_ring, minmay_temple_entry_mist, serial_shops, shop,
          enter_bailey_3, chequers_serial_rivers_small_a
D:8:      layout_loops_ring, grunt_lair_entry_orc_guard_hut, nrook_mini_vaults,
          nicolae_custom_books, uniq_maggie
D:9:      layout_layer_cave, lemuel_tele_altar, chequers_serial_rivers_micro_c
Temple:   cyrus_circular_temple
Lair:1:   layout_cave_pods, minmay_shattered_shrine
Lair:2:   layout_loops_ring, minmay_snake_entry_guardpost_medium,
          serial_bayou_shore_b, grunt_megastairs_4, lemuel_fruit_fields,
          serial_bayou_shore_a
Lair:3:   layout_hall_layers, nicolae_shoals_entry_roost,
          gauntlet_entry_generic, grunt_megastairs_1,
          infiniplex_staircase_pool_2
Lair:4:   layout_misc_corridors, slime_entry_2
Lair:5:   evilmike_catoblepas_cave, layout_gridlike, infiniplex_staircase_pool,
          serial_bayou_shore_b

Skill      XL: |  1  2  3  4  5  6  7  8  9 10 11 12 13 14 |
---------------+-------------------------------------------+-----
Earth Magic    | 4 5 6 7 8 10 12 | 12.2
Spellcasting   | 3 4 5 6 8 9 |  9.1
Fighting       | 3 7 9 10 14 17 | 17.1
Polearms       | 5 9 11 12 | 12.0
Shields        | 1 6 9 |  9.0
Dodging        | |  1.7
Stealth        | |  2.4
Conjurations   | |  0.8

Action                     |  1- 3 |  4- 6 |  7- 9 | 10-12 | 13-15 || total
---------------------------+-------+-------+-------+-------+-------++-------
  Melee: Unarmed           |    12 |       |       |       |       ||    12
         Club              |     5 |       |       |       |       ||     5
         Dagger            |       |    11 |       |       |       ||    11
         Whip              |       |       |     1 |       |       ||     1
         Lance             |       |       |       |   148 |   500 ||   648
   Cast: Sandblast         |    54 |    76 |   180 |    45 |       ||   355
         Stone Arrow       |       |       |     9 |   241 |   120 ||   370
         Lee's Rapid Decon |       |       |       |       |    26 ||    26
  Evoke: Wand              |       |       |       |     3 |     1 ||     4
         Phantom mirror    |       |       |       |       |     2 ||     2
         Condenser vane    |       |       |       |       |     1 ||     1
    Use: Scroll            |       |       |    18 |     2 |     4 ||    24
         Potion            |       |       |       |     1 |     1 ||     2
   Stab: Distracted        |       |       |       |     1 |       ||     1
         Sleeping          |       |       |       |       |     1 ||     1
 Armour: Robe              |    12 |    21 |    55 |    31 |       ||   119
         Leather armour    |       |       |       |    94 |   236 ||   330
  Dodge: Dodged            |    26 |    44 |   106 |   123 |   229 ||   528
  Block: Buckler           |       |       |       |    47 |   155 ||   202

Table legend: (Time is in decaauts)
 A = Elapsed time spent in this place.
 B = Non-inter-level travel time spent in this place.
 C = Inter-level travel time spent in this place.
 D = Time resting spent in this place.
 E = Time spent auto-exploring this place.
 F = Levels seen in this place.
 G = Mean time per level.
                   A        B        C        D        E       F      G
               +--------+--------+--------+--------+--------+-----+--------+
         Total |  19326 |  18833 |    493 |   1137 |  14614 |  17 | 1136.8 |
       Dungeon |  10562 |  10211 |    351 |    112 |   8655 |   9 | 1173.6 |
        Temple |     30 |     16 |     14 |      0 |      0 |   1 |   30.0 |
          Lair |   7037 |   6910 |    127 |    581 |   5149 |   5 | 1407.4 |
        Bailey |   1152 |   1152 |      0 |    242 |    583 |   1 | 1152.0 |
      Gauntlet |    543 |    543 |      0 |    202 |    226 |   1 |  543.0 |
               +--------+--------+--------+--------+--------+-----+--------+

Top non-repeatable levels by time:
  Lair:1: 2113 daAuts
     D:9: 1757 daAuts
     D:8: 1682 daAuts
  Lair:2: 1668 daAuts
  Lair:5: 1332 daAuts
     D:4: 1313 daAuts
     D:3: 1308 daAuts
  Bailey: 1152 daAuts
  Lair:3: 1111 daAuts
     D:6: 1107 daAuts
     D:1: 1052 daAuts
     D:5: 853 daAuts
     D:7: 850 daAuts
  Lair:4: 811 daAuts
     D:2: 636 daAuts
